 Dungeon Crawl Stone Soup version 0.31-a0-188-g5e087ee2ca (webtiles) character file.

Game seed: 2015396216552681383

471 qw the Skirmisher (level 6, -1/31 (36) HPs)
             Began as a Deep Elf Hunter on June 23, 2023.
             Slain by a wight
             ... wielding a +0 dagger
              (7 damage)
             ... on level 5 of the Dungeon.
             The game lasted 00:00:55 (2313 turns).

qw the Skirmisher (Deep Elf Hunter)                 Turns: 2313, Time: 00:00:56

HP:   -1/31 (36)    AC:  7    Str: 10    XL:     6   Next: 83%
MP:   8/8           EV: 11    Int: 14    God:
Gold: 246           SH:  0    Dex: 18    Spells: 5/5 levels left

rFire   + . .        f - +1 shortbow (heavy)
rCold   + . .        (shield currently unavailable)
rNeg    . . .        a - +2 ring mail
rPois   .            (no helmet)
rElec   .            k - scarf {rC+ rF+}
rCorr   .            (no gloves)
SInv    .            (no boots)
Will    .....        (no amulet)
Stlth   +            (no ring)
HPRegen 0.25/turn    (no ring)
MPRegen 0.11/turn

%: no passive effects
@: heavily drained
A: no striking features
a: no special abilities


You were on level 5 of the Dungeon.
You visited 1 branch of the dungeon, and saw 4 of its levels.

You collected 246 gold pieces.


   Skills:
 - Level 2.8 Fighting
 - Level 10.1 Ranged Weapons
 + Level 2.4 Dodging
 - Level 1.2 Stealth


You had 5 spell levels left.
You didn't know any spells.
Your spell library was empty.

Inventory:

Hand Weapons
 f - a +1 heavy shortbow (weapon)
Armour
 a - a +2 ring mail (worn)
 c - the +0 robe of Narcissism {rF+ rN+}
   (You found it on level 3 of the Dungeon)

   rF:        It protects you from fire.
   rN:        It protects you from negative energy.
 k - a scarf of resistance (worn)
Jewellery
 l - a +6 ring of dexterity
Scrolls
 h - a scroll of fear {unknown}
 n - 2 scrolls of amnesia {unknown}
 o - a scroll of poison {unknown}
Potions
 b - a potion of degeneration {unknown}
 d - a potion of resistance {unknown}
 g - a potion of brilliance {unknown}
 i - a potion of magic {unknown}
 j - 2 potions of curing {unknown}
 m - a potion of cancellation {unknown}

Dungeon Overview and Level Annotations

Branches:
Dungeon (5/15)
 Temple: D:4-7

Altars:
Uskayaw

Annotations:
D:3 1 runed translucent door, qw's ghost, amateur DEHu


Message History

Enter note: An ice beast comes into view.
You shoot an arrow. The arrow hits the ice beast!
The ice beast is moderately wounded.
You shoot an arrow. The arrow hits the ice beast!
The ice beast is almost dead.
You hear the rusting of a very distant drain.
You shoot an arrow. The arrow hits the ice beast!
You kill the ice beast!
Your Ranged Weapons skill increases to level 10!
Found a stone staircase leading down.
Enter note: A wight comes into view. It is wielding a +0 dagger.
The wight moves out of view.
Enter note: 2 wights come into view.
Enter note: You shoot an arrow.
The arrow hits the wight!
The wight is heavily damaged.
A wight breaks down the large door.
Enter note: You shoot an arrow.
The arrow hits the wight.
The wight is lightly damaged.
You shoot an arrow. The arrow completely misses the wight.
You shoot an arrow.
The arrow hits the wight but does no damage.
The wight is lightly damaged.
The wight hits you but does no damage. The wight misses you.
The wight hits you with a +5 scimitar!
You feel drained.
You shoot an arrow. The arrow barely misses the wight.
The wight hits you with a +0 dagger. The wight hits you with a +5 scimitar!
You feel drained.
2312 ||| DRINKING potion of heal wounds.
You feel much better. The wight hits you with a +0 dagger.
The wight hits you with a +5 scimitar!
You feel drained.
You shoot an arrow. The arrow barely misses the wight.
The wight barely misses you.
The wight hits you with a +5 scimitar! x2
The wight hits you with a +0 dagger!
You die...

#.######..##.........
#.........##.##......
)..####...## ##...... #
#.### #...... # #. #.#
#......
##.#.####.#####.####...#
........................
....>...................
.......@................
......zz................
..#...'#################
#...' #...# #... #.#.
#.#.


You could see 2 wights.

Vanquished Creatures
  A water moccasin (D:5)
  An ice beast (D:5)
  A phantom (D:5)
  Natasha (thrice) (D:3)
  An orc wizard (D:3)
  3 adders
  A worm (D:2)
  A dart slug (D:2)
  2 orcs (D:3)
  9 ball pythons
  2 endoplasms
  2 giant cockroaches
  3 hobgoblins
  15 jackals
  A quokka (D:1)
  A bat (D:1)
  4 frilled lizards
  9 goblins
  8 kobolds
  4 rats
72 creatures vanquished.

Notes
Turn   | Place    | Note
-------+----------+-------------------------------------------
     0 | D:1      | qw the Deep Elf Hunter began the quest for the Orb.
     0 | D:1      | Reached XP level 1. HP: 12/12 MP: 3/3
     0 | D:1      | 0 ||| qw: Version: 0.3-a-9-g12657ce
     0 | D:1      | 0 ||| qw: Game counter: 4403
     0 | D:1      | 0 ||| qw: Always use a shield: true
     0 | D:1      | 0 ||| qw: God list: Okawaru
     0 | D:1      | 0 ||| qw: Allow faded altars: false
     0 | D:1      | 0 ||| qw: Do Orc after D:15 true
     0 | D:1      | 0 ||| qw: Do second Lair branch before Depths: true
     0 | D:1      | 0 ||| qw: Lair rune preference: random
     0 | D:1      | 0 ||| qw: Plans: Normal
     0 | D:1      | 0 ||| PLANNING D:1-11
    98 | D:1      | Reached XP level 2. HP: 16/16 MP: 4/4
   158 | D:1      | Reached skill level 6 in Ranged Weapons
   259 | D:1      | Found a faded altar of an unknown god.
   433 | D:1      | Reached XP level 3. HP: 19/20 MP: 5/5
   788 | D:1      | 788 ||| READING scroll labelled MORYTEDAEC.
   789 | D:1      | 789 ||| READING scroll labelled YNIUTE QEFOFU.
   790 | D:1      | 790 ||| READING 3 scrolls labelled HEZAQUNG XITUI.
   791 | D:1      | 791 ||| READING scroll labelled RUAPY YZUIBO.
   792 | D:1      | 792 ||| DROPPING scroll of butterflies.
   869 | D:2      | Found a hide-covered altar of Uskayaw.
   917 | D:2      | Reached skill level 7 in Ranged Weapons
  1051 | D:2      | Reached XP level 4. HP: 8/25 MP: 6/6
  1052 | D:2      | HP: 6/25 [poisoned by an adder]
  1417 | D:2      | 1417 ||| UPGRADING to +0 ring mail.
  1427 | D:2      | 1427 ||| DROPPING +0 leather armour.
  1428 | D:2      | 1428 ||| UPGRADING to scarf of resistance.
  1433 | D:2      | 1433 ||| READING 2 scrolls of enchant armour.
  1433 | D:2      | 1433 ||| ENCHANTING +0 ring mail.
  1434 | D:2      | 1434 ||| READING scroll of enchant armour.
  1434 | D:2      | 1434 ||| ENCHANTING +1 ring mail.
  1435 | D:2      | 1435 ||| READING scroll labelled NUEL COKLOL.
  1436 | D:2      | 1436 ||| READING scroll labelled DEKHLETTACH.
  1599 | D:3      | Reached skill level 8 in Ranged Weapons
  1662 | D:3      | Identified the +0 robe of Narcissism {rF+ rN+}
  1746 | D:3      | 1746 ||| READING scroll of enchant weapon.
  1746 | D:3      | 1746 ||| ENCHANTING +0 heavy shortbow.
  1844 | D:3      | Noticed Natasha
  1846 | D:3      | Killed Natasha
  1847 | D:3      | Reached XP level 5. HP: 29/29 MP: 7/7
  1932 | D:3      | Noticed Natasha
  1939 | D:3      | Killed Natasha
  1960 | D:3      | Noticed Natasha
  1967 | D:3      | Killed Natasha
  1968 | D:3      | Reached skill level 9 in Ranged Weapons
  2087 | D:3      | Found a runed translucent door.
  2089 | D:3      | Noticed qw's ghost (amateur DEHu)
  2154 | D:3      | You fall into a shaft and drop 2 floors!
  2154 | D:5      | Entered Level 5 of the Dungeon
  2172 | D:5      | 2172 ||| PLANNING SEWER
  2183 | D:5      | Noticed a water moccasin
  2186 | D:5      | Killed a water moccasin
  2187 | D:5      | Reached XP level 6. HP: 29/36 MP: 8/8
  2297 | D:5      | Noticed an ice beast
  2300 | D:5      | Killed an ice beast
  2301 | D:5      | Reached skill level 10 in Ranged Weapons
  2311 | D:5      | HP: 8/34 [wight/+5 scimitar (9)]
  2312 | D:5      | 2312 ||| DRINKING potion of heal wounds.
  2313 | D:5      | Slain by a wight

Levels and vault maps discovered:
D:1:      psy_arrival_dodecagon, layout_basic, basic_ecumenical_altar
D:2:      layout_rooms, basic_altar, minmay_unequal
D:3:      layout_loops_ring, ebering_ghost_sewer_d, item_on_display_a,
          uniq_crazy_yiuf_cottage, uniq_natasha
D:5:      layout_basic, gup_sewer_entry_pipe

Skill      XL: |  1  2  3  4  5  6 |
---------------+-------------------+-----
Ranged Weapons | 6 7 8 9 10 | 10.1
Fighting       | 2 |  2.8
Dodging        | |  2.4
Stealth        | |  1.2

Action                     |  1- 3 |  4- 6 || total
---------------------------+-------+-------++-------
   Fire: Shortbow          |   112 |    75 ||   187
    Use: Scroll            |     4 |     5 ||     9
         Potion            |       |     1 ||     1
 Armour: Leather armour    |    18 |     3 ||    21
         Ring mail         |       |     8 ||     8
  Dodge: Dodged            |    44 |    41 ||    85

Table legend:
 A = Non-vault XP
 B = Vault XP
 C = Vault XP percentage of total XP
 D = Non-vault monster count
 E = Vault monster count
 F = Vault count percentage of total count
                 A         B        C        D         E       F
            +---------+---------+-------+---------+---------+-------
      Total |     625 |      48 |   7.1 |      70 |       2 |   2.8
            +---------+---------+-------+---------+---------+-------
        D:1 |      48 |       0 |   0.0 |      28 |       0 |   0.0
        D:2 |      63 |      13 |  17.1 |      27 |       1 |   3.6
        D:3 |     131 |      35 |  21.1 |      12 |       1 |   7.7
        D:5 |     383 |       0 |   0.0 |       3 |       0 |   0.0
            +---------+---------+-------+---------+---------+-------
